General information
- name: BNet
- type: Ladder team game (AT/RT)
- host: Battle.net
- saver: zBluePhoenixz
map: CopperCanyon
- players: 6
- length: 18:51
- speed: Fast
- version: 1.21 W3XP
- replay type: Public
» download(115 KB)
Players
team 1 (loser)
4world (
purple | 77 APM | 1441 actions | 18:50)
3 Archmage
1 Summon Water Elemental
2 Brilliance Aura
3 Mountain King
2 Storm Bolt
1 Thunder Clap
» actions
| Assign group hotkey | 14 | |
| Basic commands | 253 | |
| Build / train | 55 | |
| Enter build submenu | 24 | |
| Enter hero's abilities submenu | 6 | |
| Right click | 329 | |
| Select / deselect | 321 | |
| Select group hotkey | 377 | |
| Use ability | 62 | |
1441 total
» units
| Peasant | 11 | |
| Rifleman | 21 | |
| Mortar Team | 7 | |
39 total
» upgrades
| Gunpowder | 2 | |
| Armor | 2 | |
| Long Rifles | 1 | |
5 total
» buildings
| Farm | 11 | |
| Altar of Kings | 1 | |
| Blacksmith | 1 | |
| Barracks | 2 | |
| Scout Tower | 2 | |
| Arcane Tower | 1 | |
| Keep | 1 | |
| Lumber Mill | 1 | |
| Guard Tower | 1 | |
| Workshop | 2 | |
23 total
» build order
01:28 Farm
01:34 Altar of Kings
01:37 Blacksmith
01:39 Barracks
01:43 Barracks
01:55 Farm
03:08 Scout Tower
03:11 Farm
03:44 Arcane Tower
03:54 Farm
04:29 Keep
04:34 Farm
05:01 Lumber Mill
05:12 Scout Tower
06:18 Guard Tower
07:21 Workshop
07:55 Farm
08:30 Farm
10:00 Farm
10:59 Farm
11:35 Farm
12:58 Farm
18:44 Workshop

»
Kalanthar (
orange | 58 APM | 1088 actions | 18:41)
3 Dark Ranger
2 Black Arrow
1 Life Drain
2 Naga Sea Witch
1 Frost Arrows
1 Mana Shield
» actions
| Assign group hotkey | 27 | |
| Basic commands | 78 | |
| Build / train | 56 | |
| ESC pressed | 1 | |
| Enter build submenu | 16 | |
| Enter hero's abilities submenu | 5 | |
| Right click | 312 | |
| Select / deselect | 230 | |
| Select group hotkey | 325 | |
| Use ability | 38 | |
1088 total
» units
| Acolyte | 7 | |
| Ghoul | 4 | |
| Crypt Fiend | 17 | |
| Obsidian Statue | 4 | |
| Meatwagon | 2 | |
| Abomination | 1 | |
35 total
» upgrades
| Creature Attack | 2 | |
| Web | 1 | |
| Creature Carapace | 2 | |
| Burrow | 1 | |
| Unholy Strength | 1 | |
7 total
» buildings
| Crypt | 1 | |
| Ziggurat | 8 | |
| Graveyard | 1 | |
| Nerubian Tower | 1 | |
| Tomb of Relics | 1 | |
| Altar of Darkness | 1 | |
| Halls of the Dead | 1 | |
| Slaughterhouse | 1 | |
| Sacrificial Pit | 1 | |
| Black Citadel | 1 | |
| Spirit Tower | 2 | |
19 total
» build order
00:10 Crypt
00:15 Ziggurat
00:43 Graveyard
01:15 Nerubian Tower
01:22 Tomb of Relics
01:50 Ziggurat
02:41 Altar of Darkness
03:56 Ziggurat
05:05 Halls of the Dead
06:07 Ziggurat
07:12 Ziggurat
07:19 Ziggurat
08:04 Slaughterhouse
11:28 Ziggurat
12:25 Sacrificial Pit
13:01 Ziggurat
14:53 Black Citadel
17:01 Spirit Tower
17:03 Spirit Tower
» items
| Rod of Necromancy | 1 | |
| Scroll of Town Portal | 1 | |
2 total
GuanGong (
yellow | 71 APM | 1315 actions | 18:38)
2 Warden
1 Shadow Strike
1 Fan of Knives
1 Priestess of the Moon
1 Trueshot Aura
» actions
| Assign group hotkey | 7 | |
| Basic commands | 42 | |
| Build / train | 71 | |
| Enter build submenu | 25 | |
| Enter hero's abilities submenu | 3 | |
| Remove unit from queue | 2 | |
| Right click | 403 | |
| Select / deselect | 436 | |
| Select group hotkey | 235 | |
| Use ability | 91 | |
1315 total
» units
| Wisp | 36 | |
| Dryad | 4 | |
| Mountain Giant | 5 | |
45 total
» upgrades
| Ultravision | 1 | |
| Reinforced Hides | 1 | |
| Strength of the Wild | 1 | |
3 total
» buildings
| Altar of Elders | 2 | |
| Moon Well | 6 | |
| Hunter's Hall | 2 | |
| Ancient Protector | 9 | |
| Tree of Life | 2 | |
| Tree of Ages | 3 | |
| Ancient of Wonders | 1 | |
| Ancient of Lore | 2 | |
27 total
» build order
00:03 Altar of Elders
00:19 Moon Well
01:35 Hunter's Hall
01:40 Moon Well
04:12 Ancient Protector
04:15 Ancient Protector
04:20 Ancient Protector
04:22 Ancient Protector
04:25 Ancient Protector
04:44 Ancient Protector
04:47 Ancient Protector
04:51 Ancient Protector
07:48 Tree of Life
08:47 Moon Well
09:46 Tree of Life
10:03 Moon Well
10:20 Altar of Elders
10:54 Moon Well
11:19 Tree of Ages
11:20 Tree of Ages
11:57 Ancient of Wonders
14:26 Hunter's Hall
15:38 Ancient Protector
15:42 Ancient of Lore
15:45 Ancient of Lore
15:53 Moon Well
» items
| Scroll of Town Portal | 1 | |
| Moonstone | 1 | |
2 total
team 2 (winner)

»
zBluePhoenixz (
blue | 78 APM | 1468 actions | 18:51)
5 Death Knight
3 Death Coil
1 Unholy Aura
1 Death Pact
4 Lich
2 Frost Nova
2 Dark Ritual
» actions
| Assign group hotkey | 23 | |
| Basic commands | 153 | |
| Build / train | 53 | |
| ESC pressed | 4 | |
| Enter build submenu | 28 | |
| Enter hero's abilities submenu | 9 | |
| Remove unit from queue | 1 | |
| Right click | 409 | |
| Select / deselect | 316 | |
| Select group hotkey | 401 | |
| Use ability | 71 | |
1468 total
» units
| Acolyte | 7 | |
| Ghoul | 7 | |
| Crypt Fiend | 8 | |
| Frost Wyrm | 8 | |
30 total
» upgrades
| Freezing Breath | 1 | |
| Creature Attack | 1 | |
2 total
» buildings
| Crypt | 1 | |
| Graveyard | 1 | |
| Ziggurat | 8 | |
| Altar of Darkness | 1 | |
| Tomb of Relics | 1 | |
| Nerubian Tower | 1 | |
| Halls of the Dead | 1 | |
| Scout Tower | 3 | |
| Guard Tower | 1 | |
| Black Citadel | 1 | |
| Sacrificial Pit | 1 | |
| Boneyard | 2 | |
| Farm | 1 | |
| Barracks | 1 | |
| Town Hall | 1 | |
25 total
» build order
00:22 Crypt
00:26 Graveyard
00:41 Ziggurat
00:57 Altar of Darkness
01:13 Ziggurat
01:15 Ziggurat
01:39 Tomb of Relics
02:10 Nerubian Tower
04:25 Halls of the Dead
05:01 Ziggurat
05:05 Ziggurat
06:36 Scout Tower
06:38 Scout Tower
06:42 Guard Tower
06:43 Scout Tower
06:47 Black Citadel
08:46 Sacrificial Pit
09:48 Boneyard
10:25 Boneyard
10:49 Ziggurat
10:52 Ziggurat
11:36 Farm
12:26 Barracks
13:26 Ziggurat
15:24 Town Hall
» items
| Rod of Necromancy | 1 | |
| Orb of Corruption | 1 | |
| Scroll of Town Portal | 1 | |
| Potion of Healing | 1 | |
4 total

»
I.Play.RAndom (
pink | 124 APM | 806 actions | 06:30)
2 Mountain King
1 Storm Bolt
1 Bash
» actions
| Assign group hotkey | 23 | |
| Basic commands | 10 | |
| Build / train | 33 | |
| Enter build submenu | 13 | |
| Enter hero's abilities submenu | 2 | |
| Right click | 359 | |
| Select / deselect | 182 | |
| Select group hotkey | 158 | |
| Use ability | 26 | |
806 total
» units
» upgrades
» buildings
| Altar of Kings | 1 | |
| Barracks | 1 | |
| Farm | 5 | |
| Scout Tower | 2 | |
| Arcane Tower | 4 | |
| Keep | 2 | |
| Arcane Vault | 1 | |
| Lumber Mill | 1 | |
17 total
» build order
00:10 Altar of Kings
00:22 Barracks
00:35 Farm
00:59 Farm
01:58 Scout Tower
02:26 Arcane Tower
02:26 Arcane Tower
02:26 Arcane Tower
02:26 Arcane Tower
02:35 Farm
03:14 Keep
03:25 Arcane Vault
03:51 Lumber Mill
05:16 Farm
05:29 Farm
06:10 Scout Tower
» items

»
RomeoBrood (
green | 64 APM | 1215 actions | 18:50)
5 Keeper of the Grove
3 Entangling Roots
2 Thorns Aura
4 Priestess of the Moon
2 Searing Arrows
2 Trueshot Aura
1 Mountain King
1 Storm Bolt
» actions
| Assign group hotkey | 24 | |
| Basic commands | 154 | |
| Build / train | 60 | |
| Enter build submenu | 15 | |
| Enter hero's abilities submenu | 11 | |
| Right click | 302 | |
| Select / deselect | 288 | |
| Select group hotkey | 315 | |
| Use ability | 46 | |
1215 total
» units
| Wisp | 13 | |
| Dryad | 19 | |
| Mountain Giant | 4 | |
| Peasant | 1 | |
37 total
» upgrades
| Abolish Magic | 1 | |
| Strength of the Wild | 2 | |
| Reinforced Hides | 2 | |
| Ultravision | 1 | |
6 total
» buildings
| Altar of Elders | 1 | |
| Moon Well | 7 | |
| Tree of Ages | 1 | |
| Hunter's Hall | 1 | |
| Ancient of Lore | 2 | |
| Ancient of Wonders | 1 | |
| Ancient of War | 1 | |
| Guard Tower | 1 | |
| Town Hall | 1 | |
16 total
» build order
00:04 Altar of Elders
00:06 Moon Well
01:34 Tree of Ages
01:55 Hunter's Hall
02:53 Moon Well
03:56 Ancient of Lore
04:00 Ancient of Lore
04:39 Ancient of Wonders
05:20 Moon Well
06:20 Ancient of War
06:21 Moon Well
06:42 Guard Tower
08:14 Moon Well
10:24 Town Hall
10:48 Moon Well
10:50 Moon Well
» items
| Scroll of Healing | 1 | |
| Scroll of Protection | 1 | |
2 total
Chat log
(00:12 / Allies) zBluePhoenixz: fiends frosts
(05:54 / Allies) RomeoBrood: wtf
(06:04 / Allies) zBluePhoenixz: tower inside
(06:05 / Allies) zBluePhoenixz: now
(06:30 / Allies) zBluePhoenixz: i know
(07:42 / Allies) zBluePhoenixz: wood me
(08:35 / Allies) zBluePhoenixz: build here
(09:54 / Allies) zBluePhoenixz: wood?
(11:01 / Allies) zBluePhoenixz: dont let htem xpo
(12:35 / Allies) zBluePhoenixz: meet up
(13:00 / Allies) zBluePhoenixz: hurry
(13:18 / Allies) zBluePhoenixz: crush them
(15:02 / Allies) zBluePhoenixz: u go there
(15:06 / Allies) zBluePhoenixz: dont let them xpo
(17:23 / Allies) RomeoBrood: main
(18:45 / All) zBluePhoenixz: ohohoho